 Dungeon Crawl Stone Soup version 0.24-a0-41-gf098211c9e (webtiles) character file.

Game seed: 17991051300735858294

1716 Flugslaktarn the Cleaver (level 8, -3/69 HPs)
             Began as a Deep Dwarf Fighter on Feb 3, 2019.
             Was a Follower of Makhleb.
             Slain by a killer bee (4 damage)
             ... on level 8 of the Dungeon.
             The game lasted 00:03:23 (2909 turns).

Flugslaktarn the Cleaver (Deep Dwarf Fighter)       Turns: 2909, Time: 00:03:24

Health: -3/69      AC:  8    Str: 21    XL:     8   Next: 74%
Magic:  5/6        EV:  7    Int: 10    God:    Makhleb [*.....]
Gold:   206        SH:  9    Dex: 12    Spells: 7/7 levels left

rFire    . . .     SeeInvis .   a - +1 war axe
rCold    . . .     Gourm    .   c - +0 shield
rNeg     . . .     Faith    .   b - +0 scale mail
rPois    .         Spirit   .   (no helmet)
rElec    .         Reflect  .   (no cloak)
rCorr    .         Harm     .   i - +0 pair of gloves
MR       +....                  (no boots)
Stlth    +.........             (no amulet)
HPRegen  0.00/turn              e - ring of stealth
MPRegen  0.10/turn              (no ring)

@: lethally poisoned (-3 -> -14), non-regenerating
A: damage resistance, heal wounds, sense surroundings 1, no regeneration
a: Heal Wounds, Renounce Religion


You were on level 8 of the Dungeon.
You worshipped Makhleb.
Makhleb was aware of your devotion.
You were hungry.

You visited 2 branches of the dungeon, and saw 9 of its levels.
You also visited: Ossuary.

You collected 206 gold pieces.

Inventory:

Hand Weapons
 a - a +1 war axe (weapon)
Armour
 b - a +0 scale mail (worn)
 c - a +0 shield (worn)
 i - a +0 pair of gloves (worn)
Jewellery
 e - a ring of stealth (left hand)
Scrolls
 j - 3 scrolls of immolation {unknown}
 k - 3 scrolls of teleportation {@r3}
 m - a scroll of enchant armour {unknown}
 n - a scroll of enchant weapon
 p - a scroll of noise {unknown}
 u - 5 scrolls of identify {unknown}
 w - a scroll of fog {unknown}
 x - a scroll of summoning {unknown}
 y - 2 scrolls of remove curse {unknown}
 z - a scroll of fear {unknown}
Potions
 d - 4 potions of might {@q4}
 g - 2 potions of flight {unknown}
 h - 2 potions of cancellation {unknown}
 l - a potion of invisibility {unknown}
 o - a potion of brilliance {unknown}
 q - a potion of lignification {unknown}
 r - 3 potions of degeneration {unknown}
 s - a potion of agility {unknown}
 t - 5 potions of haste {unknown}
 v - 3 potions of curing {unknown}
Comestibles
 f - 10 rations {@e1}


   Skills:
 + Level 3.5 Fighting
 + Level 11.3 Axes
 + Level 4.2 Armour
 - Level 3.2 Shields
 + Level 2.9 Invocations


You had 7 spell levels left.
You didn't know any spells.
Your spell library was empty.

Dungeon Overview and Level Annotations

Branches:
Dungeon (9/15)             Temple (1/1) D:5
   Lair: D:8-11         Orc: D:9-12

Altars:
Dithmenos
Elyvilon
Fedhas
Gozag
Makhleb
Nemelex Xobeh
Okawaru
Wu Jian
Xom
Yredelemnul
The Shining One


Innate Abilities, Weirdness & Mutations

You are resistant to damage.
You can heal yourself by infusing magical energy.
You passively map a small area around you.
You do not regenerate.


Message History

* * * LOW HITPOINT WARNING * * *
You block the killer bee's attack. The killer bee barely misses you. x2
The killer bee stings you.
* * * LOW HITPOINT WARNING * * *
You climb upwards.
The adder hisses angrily.
The jackal barks! 2 jackals come into view.
* * * LOW HITPOINT WARNING * * *
You feel sick.
The jackal barks!
You hear a loud, deep croak!
Found three items.
There is a stone staircase leading down here.
Unknown command.
Unknown command.
You fail to use your ability.
* * * LOW HITPOINT WARNING * * *
You feel sick. The killer bee stings you.
* * * LOW HITPOINT WARNING * * *
The killer bee stings you.
You die...

, , .... , , ,
,,... , , * , ,
... *, , , ..#
####,
,**#.#.h..# *. ,
#.#..h.#*
....###yh....##,
*
.......@......+,
,
...##.y.y.....#
*#.........# ,
,............
............S
.....$........[,
.........##...[
, .........#
.... , , * ,


You could see 3 killer bees, an adder and 3 jackals.

Vanquished Creatures
  An ogre (D:4)
  A centaur (D:5)
  A big kobold (D:9)
  3 scorpions
  2 killer bees (D:9)
  4 crimson imps
  3 centaur zombies (Ossuary)
  7 bullfrog zombies (Ossuary)
  A jelly (D:9)
  2 orc wizards (D:5)
  2 bullfrog skeletons
  4 iguanas
  Natasha (D:2)
  2 worker ants
  2 killer bee zombies (Ossuary)
  3 hound zombies (Ossuary)
  9 mummies
  2 hound skeletons
  A worker ant zombie (Ossuary)
  6 adders
  A howler monkey skeleton (D:4)
  A shadow imp (D:5)
  2 oozes
  3 adder zombies
  An adder skeleton (D:5)
  3 dart slugs
  5 leopard geckos
  18 orcs
  3 ball pythons
  5 giant cockroaches
  3 goblins
  2 hobgoblins
  7 jackals
  4 quokkas
  4 bats
  5 frilled lizards
  7 kobolds
  2 leopard gecko skeletons
  A leopard gecko zombie (Ossuary)
  2 orc zombies (D:4)
  2 quokka zombies
  6 rats
144 creatures vanquished.

Vanquished Creatures (others)
  3 withered plants (Ossuary)
3 creatures vanquished.

Grand Total: 147 creatures vanquished

Notes
Turn   | Place    | Note
-------+----------+-------------------------------------------
     0 | D:1      | Flugslaktarn the Deep Dwarf Fighter began the quest for the
                  | Orb.
     0 | D:1      | Reached XP level 1. HP: 20/20 MP: 1/1
   193 | D:1      | Reached skill level 3 in Axes
   193 | D:1      | Reached XP level 2. HP: 22/27 MP: 2/2
   208 | D:2      | Noticed a crimson imp
   211 | D:2      | Killed a crimson imp
   211 | D:2      | Reached skill level 4 in Axes
   211 | D:2      | Reached XP level 3. HP: 25/33 MP: 3/3
   278 | D:2      | Noticed Natasha
   283 | D:2      | Killed Natasha
   283 | D:2      | Reached skill level 5 in Axes
   283 | D:2      | Reached XP level 4. HP: 17/40 MP: 4/4
   345 | D:2      | You fall through a shaft!
   564 | D:4      | Found a sand-covered staircase.
   569 | D:4      | Reached XP level 5. HP: 37/46 MP: 4/4
   573 | Ossuary  | Entered an ossuary
   595 | Ossuary  | Reached skill level 6 in Axes
   633 | Ossuary  | Reached skill level 7 in Axes
   633 | Ossuary  | Reached XP level 6. HP: 23/55 MP: 4/4
   697 | Ossuary  | Reached skill level 8 in Axes
   752 | Ossuary  | Reached XP level 7. HP: 42/61 MP: 5/5
   861 | Ossuary  | Reached skill level 9 in Axes
  1202 | D:4      | Found a shadowy altar of Dithmenos.
  1209 | D:4      | Reached skill level 10 in Axes
  1526 | D:4      | Found a basalt altar of Yredelemnul.
  1579 | D:4      | Found a glowing golden altar of the Shining One.
  1884 | D:5      | Entered Level 5 of the Dungeon
  1930 | D:5      | Found an iron altar of Okawaru.
  1954 | D:5      | Reached XP level 8. HP: 64/68 MP: 5/5
  2165 | D:5      | Reached skill level 11 in Axes
  2172 | D:5      | Found a staircase to the Ecumenical Temple.
  2179 | Temple   | Entered the Ecumenical Temple
  2217 | Temple   | Became a worshipper of Makhleb the Destroyer
  2441 | D:5      | Reached skill level 1 in Invocations
  2647 | D:6      | Reached * piety under Makhleb
  2860 | D:6      | You fall through a shaft for 3 floors!
  2909 | D:8      | HP: 1/69 [killer bee (5)]
  2909 | D:8      | Slain by a killer bee

Vault maps used:
D:1:      dpeg_arrival_pond
D:2:      minitemple, marbit_many_paths, uniq_natasha
D:3:      wander_river, serial_glass, glass_columns_b, glass_columns_c
D:4:      grunt_temple_overflow_holy_war, old_standard_altar,
          nicolae_ossuary_entry_giza, first_ration, kennysheep_generic_room_7
D:5:      okawaru_gym_becter, minmay_temple_entry_hall,
          kennysheep_generic_room_2
D:6:      kennysheep_kobold_camp
D:8:      old_standard_altar, serial_shops, shop
D:9:      hangedman_ranch
Temple:   eino_wide_crystal_templ
Ossuary:  ossuary_zaba_flooded

Skill      XL: |  1  2  3  4  5  6  7  8 |
---------------+-------------------------+-----
Axes           | 3 4 5 7 8 10 11 | 11.3
Invocations    | 2 |  2.9
Fighting       | 3 |  3.5
Armour         | 4 |  4.2
Shields        | |  3.2

Action                   |  1- 3 |  4- 6 |  7- 9 || total
-------------------------+-------+-------+-------++-------
Melee: War axe           |    37 |   182 |   294 ||   513
 Abil: Heal Wounds       |       |     5 |     6 ||    11
  Use: Scroll            |       |       |     4 ||     4
 Stab: Distracted        |       |       |     1 ||     1
  Eat: Chunk             |       |       |     7 ||     7
Armor: Scale mail        |    14 |    77 |    95 ||   186
Dodge: Dodged            |     6 |    45 |    85 ||   136
Block: Shield            |    16 |    91 |   145 ||   252

Table legend:
 A = Non-vault XP
 B = Vault XP
 C = Vault XP percentage of total XP
 D = Non-vault monster count
 E = Vault monster count
 F = Vault count percentage of total count
                 A         B        C        D         E       F
            +---------+---------+-------+---------+---------+-------
      Total |    1549 |     903 |  36.8 |     108 |      36 |  25.0
            +---------+---------+-------+---------+---------+-------
        D:1 |      19 |       0 |   0.0 |      11 |       0 |   0.0
        D:2 |      86 |      36 |  29.5 |      11 |       1 |   8.3
        D:3 |      53 |       0 |   0.0 |      14 |       0 |   0.0
        D:4 |     282 |      55 |  16.3 |      18 |       4 |  18.2
        D:5 |     569 |       3 |   0.5 |      29 |       1 |   3.3
        D:6 |     273 |       2 |   0.7 |      18 |       2 |  10.0
        D:9 |     267 |       0 |   0.0 |       7 |       0 |   0.0
    Ossuary |       0 |     807 | 100.0 |       0 |      28 | 100.0
            +---------+---------+-------+---------+---------+-------
